 Dungeon Crawl Stone Soup version 0.17.1-2-g5865329 (webtiles) character file.

472 PossumBlood the Archer (level 6, -8/39 HPs)
             Began as a High Elf Hunter on Jan 30, 2016.
             Mangled by Duvessa
             ... wielding a +0 rapier
              (11 damage)
             ... on level 4 of the Dungeon.
             The game lasted 00:14:55 (2893 turns).

PossumBlood the Archer (High Elf Hunter)            Turns: 2893, Time: 00:14:55

Health: -8/39      AC:  4    Str: 11    XL:     6   Next: 83%
Magic:  7/7        EV: 12    Int: 14    God:
Gold:   184        SH:  0    Dex: 19    Spells: 0 memorised, 5 levels left

rFire  . . .     SeeInvis .     b - +0 short sword
rCold  . . .     Clarity  .     c - +0 leather armour
rNeg   . . .     SustAt   .     (no shield)
rPois  .         Gourm    .     (no helmet)
rElec  .         Spirit   .     (no cloak)
rCorr  .         Warding  .     (no gloves)
rMut   .         Stasis   .     s - +0 pair of boots
MR     .....                    (no amulet)
Stlth  ++........               (no ring)
                                (no ring)

@: not resistant to hostile enchantments, unstealthy
A: no striking features
a: no special abilities


You were on level 4 of the Dungeon.
You were not hungry.

You visited 1 branch of the dungeon, and saw 4 of its levels.

You collected 184 gold pieces.

Inventory:

Hand Weapons
 a - a +1 shortbow
 b - a +0 short sword (weapon)
Armour
 c - a +0 leather armour (worn)
 s - a +0 pair of boots (worn)
Wands
 j - a wand of draining (4)
Scrolls
 g - a scroll of enchant armour {unknown}
 i - a scroll of immolation {unknown}
 k - a scroll of remove curse {unknown}
 l - a scroll of teleportation {unknown}
 m - a scroll of recharging {unknown}
 n - 2 scrolls of magic mapping {unknown}
 o - a scroll of fear {unknown}
Potions
 f - 2 potions of agility {unknown}
 h - 2 potions of degeneration {unknown}
 p - 2 potions of poison {unknown}
 r - a potion of lignification {unknown}
 t - a potion of might {unknown}
Comestibles
 e - 2 bread rations
 q - a meat ration


   Skills:
 - Level 2.0 Fighting
 * Level 10.7 Bows
 - Level 2.1 Dodging
 - Level 1.1 Stealth


You had 5 spell levels left.
You didn't know any spells.

Dungeon Overview and Level Annotations

Branches:
Dungeon (4/15)
 Temple: D:4-7

Altars:
Cheibriados
The Shining One

Annotations:
D:4 Dowan, Duvessa


Message History

Duvessa misses you.
You hit Duvessa but do no damage.
Duvessa is moderately wounded.
Duvessa hits you with a rapier.
* * * LOW HITPOINT WARNING * * *
Dowan casts a spell.
Dowan blinks!
Duvessa barely misses you.
You are too injured to fight recklessly!
You are too injured to fight recklessly!
You are too injured to fight recklessly!
You are too injured to fight recklessly!
You hit Duvessa but do no damage.
Duvessa is moderately wounded.
Duvessa hits you with a rapier!
* * * LOW HITPOINT WARNING * * *
Dowan casts a spell.
Dowan blinks!
Duvessa gestures with her weapon.
Duvessa hits you with a rapier!
You die...

###.......#
..........#
.#........#
#........#
#........#
#........#
#........# #
##.......####.(.#
###+##..@e§((.§(
#.########. #..
... .... .....
....


You could see Duvessa.

Vanquished Creatures
  Grinder (D:3)
  The ghost of yupa the Grave Robber, an amateur DENe (D:3)
  An orc wizard (D:3)
  A worker ant (D:4)
  Robin (D:3)
  5 adders
  2 worms
  2 giant geckos
  9 orcs (D:3)
  6 bats
  A giant cockroach (D:3)
  15 goblins
  16 hobgoblins
  8 kobolds
  A ball python (D:2)
  3 giant newts (D:2)
  4 jackals (D:2)
  11 rats
88 creatures vanquished.

Notes
Turn   | Place    | Note
--------------------------------------------------------------
     0 | D:1      | PossumBlood the High Elf Hunter began the quest for the Orb.
     0 | D:1      | Reached XP level 1. HP: 14/14 MP: 2/2
   303 | D:1      | Reached XP level 2. HP: 19/19 MP: 3/3
   318 | D:1      | Reached skill level 6 in Bows
   726 | D:1      | Found a glowing golden altar of the Shining One.
   809 | D:2      | Reached XP level 3. HP: 22/24 MP: 4/4
  1029 | D:2      | Reached skill level 7 in Bows
  1150 | D:2      | Found a glowing golden altar of the Shining One.
  1397 | D:3      | Reached XP level 4. HP: 29/29 MP: 5/5
  1401 | D:3      | Noticed Robin
  1417 | D:3      | Killed Robin
  1748 | D:3      | Found a snail-covered altar of Cheibriados.
  1835 | D:3      | Noticed yupa's ghost (amateur DENe)
  1841 | D:3      | Killed yupa's ghost
  1841 | D:3      | Reached skill level 8 in Bows
  1841 | D:3      | Reached XP level 5. HP: 24/34 MP: 6/6
  1858 | D:3      | Noticed Grinder
  1869 | D:3      | Paralysed by Grinder for 2 turns
  1875 | D:3      | Killed Grinder
  1875 | D:3      | Reached skill level 10 in Bows
  1875 | D:3      | Reached XP level 6. HP: 20/39 MP: 7/7
  2124 | D:3      | Found a faded altar to an unknown god.
  2872 | D:4      | Noticed Dowan
  2875 | D:4      | Noticed Duvessa
  2893 | D:4      | Mangled by Duvessa

Action                   |  1- 3 |  4- 6 || total
-------------------------+-------+-------++-------
Melee: Short sword       |     7 |    44 ||    51
 Fire: Shortbow          |   112 |   125 ||   237
  Eat: Pizza             |     1 |       ||     1
       Royal jelly       |       |     1 ||     1
       Bread ration      |       |     1 ||     1
